 Dungeon Crawl Stone Soup version 0.31-a0-188-g5e087ee2ca (webtiles) character file.

Game seed: 12345355730357739600

147 qw the Skirmisher (level 5, 0/29 HPs)
             Began as a Deep Elf Hunter on June 23, 2023.
             Slain by Pargi (3 damage)
             ... in a sewer.
             The game lasted 00:00:56 (1957 turns).

qw the Skirmisher (Deep Elf Hunter)                 Turns: 1957, Time: 00:00:57

Health: 0/29       AC:  6    Str: 10    XL:     5   Next: 8%
Magic:  7/7        EV: 11    Int: 14    God:
Gold:   122        SH:  0    Dex: 18    Spells: 4/4 levels left

rFire   . . .        Y - +0 shortbow
rCold   . . .        (shield currently unavailable)
rNeg    . . .        i - +0 ring mail
rPois   .            (no helmet)
rElec   .            d - +0 cloak
rCorr   .            (no gloves)
SInv    .            (no boots)
Will    .....        (no amulet)
Stlth   +            (no ring)
HPRegen 0.24/turn    (no ring)
MPRegen 0.10/turn

%: no passive effects
@: no status effects
A: no striking features
a: no special abilities


You were in a sewer.
You visited 1 branch of the dungeon, and saw 3 of its levels.
You also visited: Sewer.

You collected 122 gold pieces.


   Skills:
 - Level 1.5 Fighting
 + Level 8.5 Ranged Weapons
 - Level 2.4 Dodging
 - Level 1.2 Stealth


You had 4 spell levels left.
You didn't know any spells.
Your spell library was empty.

Inventory:

Hand Weapons
 Y - a +0 shortbow (weapon)
Armour
 d - a +0 cloak (worn)
 i - a +0 ring mail (worn)
Scrolls
 a - 4 scrolls of identify
 b - a scroll of enchant armour {unknown}
 c - 3 scrolls of teleportation {unknown}
Potions
 e - a potion of haste {unknown}
 f - a potion of heal wounds {unknown}
 g - 2 potions of mutation {unknown}

Dungeon Overview and Level Annotations

Branches:
Dungeon (3/15)              Sewer (1/1)

Altars:
Sif Muna

Annotations:
Sewer Pargi


Message History

Pargi claws you but does no damage.
You shoot an arrow. The arrow barely misses Pargi.
Pargi completely misses you. Pargi claws you but does no damage. x2
Pargi closely misses you. Pargi completely misses you. Pargi barely misses you.
You shoot an arrow. The arrow hits Pargi.
Pargi is severely wounded.
Pargi barely misses you. Pargi claws you but does no damage. Pargi claws you.
You shoot an arrow. The arrow hits Pargi.
Pargi is severely wounded.
Pargi bites you. Pargi claws you but does no damage. Pargi misses you.
You shoot an arrow. The arrow closely misses Pargi.
Pargi bites you but does no damage. Pargi claws you but does no damage. x2
You shoot an arrow. The arrow closely misses Pargi.
Pargi barely misses you. Pargi claws you but does no damage.
Pargi barely misses you.
You shoot an arrow. The arrow closely misses Pargi.
Pargi bites you but does no damage. Pargi closely misses you. x2
You shoot an arrow. The arrow barely misses Pargi.
Pargi bites you but does no damage. Pargi claws you but does no damage. x2
You shoot an arrow. The arrow closely misses Pargi.
Pargi closely misses you. Pargi claws you but does no damage. x2
Pargi bites you. Pargi closely misses you. Pargi claws you but does no damage.
You shoot an arrow. The arrow hits Pargi.
Pargi is heavily wounded.
Pargi closely misses you. Pargi claws you but does no damage. Pargi misses you.
You shoot an arrow. The arrow closely misses Pargi.
Pargi bites you. Pargi closely misses you. Pargi claws you.
You shoot an arrow. The arrow hits Pargi.
Pargi is heavily wounded.
Pargi bites you but does no damage. Pargi claws you.
Pargi claws you but does no damage.
You shoot an arrow. The arrow closely misses Pargi.
Pargi clenches his teeth.
Pargi bites you but does no damage. Pargi barely misses you.
Pargi claws you but does no damage.
You shoot an arrow. The arrow closely misses Pargi.
Pargi bites you. Pargi closely misses you. x2
You shoot an arrow. The arrow barely misses Pargi.
Pargi barely misses you. Pargi claws you. x2
You die...

#~~~~#~##~~#~~~
~~~~~~~~~~~~~~~~~~##
##~~~~~~~~~~~~~~~~~~##
~~~~~~~~~~~~~~~~~~~~~#
~~~~~~~~~~~~~~~~~~~~~###
~~~~~~~~~~~~~~~~~~~~~~~#
~~~~~~~~~~~~~~~~~~~~~~~~
~~~~~~~~~~~~~~~~~~~~~~~~
~~~~~~~~#.~~~~~.@~~~~~~~
~~~~~%..####.#.##T~~~~~~
~~~~.#### #~### .~~~~~~
~~~~~.# #~# #.~~~~~
~~~~..# #~# .~~~~~
~~~~### #~# #~~~~~ ~~..#
#.# #~~~~ ~~.## ##.##
.~~~ ~~## #...#


You could see Pargi.

Vanquished Creatures
  2 orc wizards (D:3)
  A white imp (D:3)
  A worm (D:2)
  3 orcs (D:3)
  11 endoplasms
  6 giant cockroaches
  3 goblins
  4 hobgoblins
  3 jackals (D:1)
  3 ball pythons
  6 bats
  2 frilled lizards
  A goblin skeleton (D:3)
  A goblin zombie (D:3)
  4 kobolds
  A kobold skeleton (D:3)
  3 kobold zombies (D:3)
  An orc skeleton (D:3)
  4 orc zombies (D:3)
  7 rats
67 creatures vanquished.

Vanquished Creatures (others)
  An orc wizard (D:3)
1 creature vanquished.

Grand Total: 68 creatures vanquished

Notes
Turn   | Place    | Note
-------+----------+-------------------------------------------
     0 | D:1      | qw the Deep Elf Hunter began the quest for the Orb.
     0 | D:1      | Reached XP level 1. HP: 12/12 MP: 3/3
     0 | D:1      | 0 ||| qw: Version: 0.3-a-9-g12657ce
     0 | D:1      | 0 ||| qw: Game counter: 4160
     0 | D:1      | 0 ||| qw: Always use a shield: true
     0 | D:1      | 0 ||| qw: God list: Okawaru
     0 | D:1      | 0 ||| qw: Allow faded altars: false
     0 | D:1      | 0 ||| qw: Do Orc after D:15 true
     0 | D:1      | 0 ||| qw: Do second Lair branch before Depths: true
     0 | D:1      | 0 ||| qw: Lair rune preference: random
     0 | D:1      | 0 ||| qw: Plans: Normal
     0 | D:1      | 0 ||| PLANNING D:1-11
    81 | D:1      | Reached XP level 2. HP: 16/16 MP: 4/4
   131 | D:1      | Reached skill level 6 in Ranged Weapons
   156 | D:1      | 156 ||| Stepping ~*~*~tactically~*~*~ (water).
   185 | D:1      | Found a faded altar of an unknown god.
   638 | D:1      | 638 ||| UPGRADING to +0 cloak.
   643 | D:1      | 643 ||| UPGRADING to +0 ring mail.
   653 | D:1      | 653 ||| DROPPING +0 leather armour.
   654 | D:1      | 654 ||| READING scroll labelled SUGING RIOLY.
   655 | D:1      | 655 ||| READING scroll labelled FADEOZ ONUCINT.
   656 | D:1      | 656 ||| READING scroll labelled IDESIV DONAL.
   657 | D:1      | 657 ||| DROPPING scroll of butterflies.
   726 | D:2      | Reached XP level 3. HP: 20/20 MP: 5/5
  1331 | D:2      | 1331 ||| READING scroll labelled SINLAL LAOGRO.
  1332 | D:2      | 1332 ||| READING scroll labelled MOLIJUH KETS.
  1333 | D:2      | 1333 ||| READING scroll labelled KOOMUXIESM.
  1334 | D:2      | 1334 ||| READING 2 scrolls of identify.
  1334 | D:2      | 1334 ||| IDENTIFYING viscous golden potion
  1335 | D:2      | 1335 ||| DROPPING potion of lignification.
  1347 | D:3      | 1347 ||| PLANNING SEWER
  1358 | D:3      | 1358 ||| STAIRDANCE
  1380 | D:3      | Reached skill level 7 in Ranged Weapons
  1381 | D:3      | 1381 ||| STAIRDANCE
  1427 | D:3      | 1427 ||| STAIRDANCE
  1455 | D:3      | 1455 ||| FLEEEEING.
  1456 | D:3      | 1456 ||| FLEEEEING.
  1457 | D:3      | 1457 ||| STAIRDANCE
  1574 | D:3      | Reached XP level 4. HP: 25/25 MP: 6/6
  1669 | D:3      | Found a shimmering blue altar of Sif Muna.
  1689 | D:3      | Reached skill level 8 in Ranged Weapons
  1690 | D:3      | 1690 ||| Stepping randomly (disturbance).
  1691 | D:3      | 1691 ||| Stepping randomly (disturbance).
  1695 | D:3      | Reached XP level 5. HP: 23/29 MP: 7/7
  1844 | D:3      | Found a glowing drain.
  1853 | Sewer    | Entered a sewer
  1930 | Sewer    | Noticed Pargi
  1956 | Sewer    | HP: 6/29 [Pargi (6)]
  1957 | Sewer    | Slain by Pargi

Levels and vault maps discovered:
D:1:      dpeg_arrival_arbitrary_b, layout_basic,
          shapermc_ecumenical_altar_acropolis, grunt_decor_arrowhead
D:2:      layout_basic
D:3:      layout_rooms, nicolae_tso_besieged_by_evil, kennysheep_orc_sif_temple,
          portal_sewer_entry_b
Sewer:    sewer_co_pargi_island

Skill      XL: |  1  2  3  4 |
---------------+-------------+-----
Ranged Weapons | 6 7 8 |  8.5
Fighting       | |  1.5
Dodging        | |  2.4
Stealth        | |  1.2

Action                     |  1- 3 |  4- 6 || total
---------------------------+-------+-------++-------
   Fire: Shortbow          |   147 |    93 ||   240
    Use: Scroll            |     7 |       ||     7
 Armour: Leather armour    |     6 |       ||     6
         Ring mail         |    39 |    42 ||    81
  Dodge: Dodged            |    89 |    42 ||   131

Table legend:
 A = Non-vault XP
 B = Vault XP
 C = Vault XP percentage of total XP
 D = Non-vault monster count
 E = Vault monster count
 F = Vault count percentage of total count
                 A         B        C        D         E       F
            +---------+---------+-------+---------+---------+-------
      Total |     111 |     100 |  47.4 |      41 |      27 |  39.7
            +---------+---------+-------+---------+---------+-------
        D:1 |      37 |       0 |   0.0 |      21 |       0 |   0.0
        D:2 |      15 |       8 |  34.8 |       7 |       6 |  46.2
        D:3 |      59 |      89 |  60.1 |      13 |      18 |  58.1
      Sewer |       0 |       3 | 100.0 |       0 |       3 | 100.0
            +---------+---------+-------+---------+---------+-------
